 Dungeon Crawl Stone Soup version 0.18.1-1-g2f07953 (webtiles) character file.

599861 Svalin the Axe Maniac (level 27, -27/409 HPs)
             Began as a Hill Orc Berserker on May 7, 2016.
             Was a High Priest of Trog.
             Killed from afar by a white draconian annihilator (58 damage)
             ... with an iron shot
             ... on level 5 of the Realm of Zot on May 10, 2016.
             The game lasted 03:55:18 (56165 turns).

Svalin the Axe Maniac (Hill Orc Berserker)         Turns: 56165, Time: 03:55:20

Health: -27/409    AC: 21    Str: 42    XL:     27
Magic:  37/37      EV: 22    Int:  6    God:    Trog [*****.]
Gold:   2454       SH:  0    Dex: 23    Spells: 0 memorised, 26 levels left

rFire  + + +     SeeInvis .     l - +10 battleaxe "Lonob" {vamp, +Fly rElec rPois rF+}
rCold  + + +     Gourm    .     k - +2 gold dragon armour
rNeg   + + +     Faith    .     (shield currently unavailable)
rPois  +         Spirit   .     q - +2 helmet
rElec  +         Dismiss  .     r - +4 dragonskin cloak
rCorr  +         Reflect  .     o - +2 pair of fencer's gloves {LBl+4 SBl+4 EV+3 Dex+6}
SustAt .         Harm     .     (no boots)
MR     +++..                    z - amulet "Omot" {rF+ rC+ Regen+}
Stlth  ..........               Y - ring "Oqoluor" {*Drain rC+ rN++ Int+5}
                                F - ring of Ivexaiv {Fragile rN+ MR+ Str+7}

@: berserking (expiring), lethally poisoned (-27 -> -27), about to teleport,
resistant, corroded, very quick, extremely resistant to hostile enchantments,
extremely unstealthy
A: clumsy 1
a: Berserk, Trog's Hand, Brothers in Arms, Burn Spellbooks, Renounce Religion,
Evoke Flight
0: Orb of Zot
}: 3/15 runes: decaying, silver, gossamer


You were on level 5 of the Realm of Zot.
You worshipped Trog.
Trog was extremely pleased with you.
You were not hungry.

You visited 8 branches of the dungeon, and saw 48 of its levels.
You visited the Abyss 2 times.
You also visited: Ossuary, Bailey, Ice Cave, Volcano and Wizlab.

You collected 5731 gold pieces.
You spent 2472 gold pieces at shops.

Inventory:

Hand Weapons
 l - the +10 battleaxe "Lonob" (weapon) {vamp, +Fly rElec rPois rF+}
   (Trog gifted it to you on level 5 of the Lair of Beasts)

   It inflicts no extra harm, but heals its wielder somewhat when it strikes a
   living foe.
   It protects you from fire.
   It insulates you from electricity.
   It protects you from poison.
   It lets you fly.
Armour
 k - a +2 gold dragon armour (worn)
 o - the +2 pair of fencer's gloves (worn) {LBl+4 SBl+4 EV+3 Dex+6}
   (You found it on level 5 of the Vaults)

   It affects your evasion (+3).
   It affects your dexterity (+6).
 q - a +2 helmet (worn)
 r - the +4 dragonskin cloak (worn)
   (You took it off Tiamat on level 2 of the Realm of Zot)
Jewellery
 z - the amulet "Omot" (around neck) {rF+ rC+ Regen+}
   (You found it on level 3 of the Depths)

   [amulet of regeneration]

   It protects you from fire.
   It protects you from cold.
   It increases your rate of regeneration.
 F - the ring of Ivexaiv (left hand) {Fragile rN+ MR+ Str+7}
   (You bought it in a shop on level 10 of the Dungeon)

   [ring of protection from magic]

   It affects your strength (+7).
   It protects you from negative energy.
   It affects your resistance to hostile enchantments.
   It will be destroyed if unequipped.
 Y - the ring "Oqoluor" (right hand) {*Drain rC+ rN++ Int+5}
   (You found it in an ice cave)

   [ring of protection from cold]

   It affects your intelligence (+5).
   It protects you from cold.
   It greatly protects you from negative energy.
   It causes draining when unequipped.
 Z - the ring "Fachoeryjo" {rC+++ rN+ MP+9 Int-2 SInv}
   (You found it on level 1 of the Realm of Zot)

   [ring of positive energy]

   It affects your intelligence (-2).
   It renders you almost immune to cold.
   It protects you from negative energy.
   It affects your magic capacity (+9).
   It lets you see invisible.
Wands
 p - a wand of acid (0/15)
 B - a wand of enslavement (8/24)
 E - a wand of digging (8/24)
 H - a wand of acid (7/15)
 U - a wand of heal wounds (9/9)
Scrolls
 b - 10 scrolls of remove curse
 e - 13 scrolls of teleportation
 u - 4 scrolls of fog
 D - 15 scrolls of fear
 J - a scroll of summoning
 M - 8 scrolls of recharging
 S - a scroll of magic mapping
Potions
 d - 6 potions of curing
 g - 5 potions of haste
 i - 4 potions of might
 j - 4 potions of cure mutation
 s - 4 potions of agility
 y - 2 potions of magic
 A - 4 potions of ambrosia
 I - 6 potions of invisibility
 N - 8 potions of resistance
 O - 2 potions of cancellation
Miscellaneous
 a - a legendary deck of summoning {the Pentagram, drawn: 1}
 h - a plain deck of changes {the Helix, drawn: 1}
 m - a sack of spiders
 t - a sack of spiders
 v - a legendary deck of changes {the Potion, drawn: 1}
 L - a stone of tremors
 P - a phial of floods
 Q - a box of beasts
 R - a sack of spiders {used: 3}
 V - a plain deck of summoning {the Elements, drawn: 1}
 W - 2 phantom mirrors
 X - a lamp of fire
Comestibles
 c - 11 bread rations
 f - 20 meat rations
 n - 7 slices of pizza
 C - 11 beef jerkies
 G - 10 royal jellies
 K - 19 fruits


   Skills:
 O Level 27 Fighting
 O Level 27 Axes
 + Level 24.5 Armour
 + Level 12.0 Dodging
 + Level 21.7 Evocations


You had 26 spell levels left.
You didn't know any spells.

Dungeon Overview and Level Annotations

Branches:
Dungeon (15/15)            Temple (0/1) D:6            Lair (8/8) D:11
  Swamp (4/4) Lair:4       Spider (4/4) Lair:5        Slime (0/6) Lair:6
    Orc (2/2) D:11            Elf (0/3) Orc:2        Vaults (5/5) D:14
  Crypt (0/3) Vaults:3     Depths (5/5) D:15            Zot (5/5) Depths:5

Altars:
Ashenzari
Dithmenos
Kikubaaqudgha
Qazlal
Ru
Vehumet
Xom
Yredelemnul
Zin
The Shining One
Beogh

Shops:
D:10 =!%   D:14 (   Orc:2 [}?!

Portals:
Hell: Depths:1 Depths:2 Depths:3 Depths:4 Depths:5
Abyss: Depths:4
Pandemonium: Depths:3 Depths:5
Ziggurat: Depths:4

Annotations:
D:7 exclusion: ice statue
Lair:4 exclusion: oklob plant
Lair:6 1 exclusion


Innate Abilities, Weirdness & Mutations

You are clumsy. (Dex -2)


Message History

You kill the orange demon!
Trog accepts your kill.
You hit the Tzitzimitl.
The Tzitzimitl is lightly wounded.
You feel sick.
You barely miss the Tzitzimitl.
The Tzitzimitl is lightly wounded.
The Tzitzimitl gestures at you. The bolt of negative energy misses you.
You hit the Tzitzimitl but do no damage.
The Tzitzimitl is lightly wounded.
Unknown command.
You slice the Tzitzimitl!!
The Tzitzimitl is moderately wounded.
The Tzitzimitl closely misses you.
The Tzitzimitl bites you but does no damage.
The Tzitzimitl barely misses you.
The white draconian annihilator gestures at you while chanting.
The iron shot hits you!
You die...

...### ###....## ##......###..
.....# #.......####.......'.###
.....### #........#.'.§..###'#.##
.#.....####..##.....#.§§##..)##.#
##...........#..q.#?##.##.....##'
###.....#####...##))###.......##
###....# #.)..##<)##.......##
#.....#**##....#...#.[.....'.
##...####,.##@..###.##.....###
#.......#.###.1..##.^##...## #
##..##.##..###...#...###### #
####......#,....#.#...#,* #
###.##.#....##.#.....#
#*#..#.....##..#.##### ##
##.##......##....##...## #.
#.....#...##..#.##.....###.
###.#.##......###.......##.


You could see a Tzitzimitl and a white draconian annihilator.

Vanquished Creatures
  10 orbs of fire
  7 ancient liches
  Mara (Swamp:3)
  Boris (Depths:3)
  Norris (Depths:1)
  4 curse toes
  Margery (Vaults:4)
  A Killer Klown (Zot:5)
  A caustic shrike (shapeshifter) (Depths:3)
  12 golden dragons
  A profane servitor (Zot:5)
  A bone dragon (Zot:2)
  3 electric golems
  18 tentacled monstrosities
  23 Orb Guardians
  8 titans
  A quicksilver dragon (Depths:4)
  A lich (Depths:1)
  7 death cobs
  8 shadow dragons
  3 sphinxes
  8 storm dragons
  8 tengu reavers
  2 draconian monks
  2 frost giants
  Roxanne (Depths:1)
  3 fire giants
  2 deep elf sorcerers (Vaults:5)
  2 ghost moths
  3 draconian scorchers
  3 draconian knights
  9 draconian shifters
  13 vault wardens
  2 iron dragons
  4 draconian annihilators
  Aizul (Spider:3)
  An emperor scorpion (shapeshifter) (Depths:3)
  5 draconian zealots
  A spriggan defender (Depths:4)
  5 emperor scorpions
  3 deep elf elementalists (Vaults:5)
  5 war gargoyles
  23 very ugly things
  14 stone giants
  A stone giant (shapeshifter) (Depths:3)
  4 draconian callers
  11 ironheart preservers
  9 black draconians
  A vampire knight (Depths:2)
  5 green draconians
  6 white draconians
  6 salamander stormcallers
  6 mottled draconians
  4 yellow draconians
  2 spark wasps (Spider:3)
  11 red draconians
  A green death (Swamp:4)
  8 purple draconians
  A blizzard demon (Zot:5)
  3 ettins
  An eidolon (Vaults:3)
  A death ooze (Swamp:4)
  A deep elf death mage (Vaults:5)
  6 yaktaur captains
  10 crystal guardians
  5 great orbs of eyes
  Josephine (D:11)
  13 fire dragons
  40 vault guards
  12 ogre magi
  2 deep elf high priests (Vaults:5)
  3 hell beasts
  2 entropy weavers
  17 ice dragons
  3 rakshasas
  5 spriggan air magi
  A ghost crab (shapeshifter) (D:12)
  5 ghost crabs
  7 hydras
  10 centaur warriors
  A death knight (Vaults:5)
  8 deep troll earth magi
  6 death yaks
  7 alligators
  4 tengu warriors
  3 spriggan berserkers
  A hell hog (Depths:1)
  4 deep troll shamans
  15 dancing weapons
  A thrashing horror (Swamp:4)
  A soul eater (Depths:5)
  2 vampire magi
  22 hell knights
  Sonja (Lair:2)
  5 deep elf knights
  2 large abominations
  2 fire crabs (Vaults:1)
  5 death scarabs (Spider:4)
  A shadow wraith (Vaults:2)
  A shadow demon (Zot:5)
  An iron troll (Depths:4)
  5 swamp dragons
  6 unseen horrors
  An unseen horror (shapeshifter) (Depths:2)
  A giant orange brain (shapeshifter) (Depths:3)
  22 deep trolls
  A shambling mangrove (Swamp:2)
  4 giant orange brains
  3 obsidian statues (Depths:3)
  6 phantasmal warriors
  The ghost of Svalin the Cleaver, a novice HOBe of Trog (D:5)
  10 orc knights
  4 hill giants
  17 deep elf magi
  3 wolf spider zombies
  An anubis guard (shapeshifter) (Depths:3)
  4 harpies (Vaults:2)
  2 necromancers
  4 spectral wolf spiders (Spider:4)
  11 ironbrand convokers
  12 orb spiders
  6 wizards
  An orb spider (shapeshifter) (D:15)
  3 orc sorcerers
  34 wolf spiders
  2 griffons
  2 shining eyes (shapeshifter) (Vaults:5)
  2 manticores
  6 salamanders
  48 ugly things
  30 moths of wrath
  A griffon (shapeshifter) (D:15)
  8 hornets
  Maurice (D:13)
  A moth of wrath (shapeshifter) (Depths:3)
  6 cyclopes
  A cyclops (shapeshifter) (Vaults:5)
  A black mamba (shapeshifter) (Vaults:5)
  A naga mage (Spider:3)
  A rust devil (Zot:5)
  An ice statue (IceCv)
  20 vault sentinels
  A centaur zombie (D:7)
  6 molten gargoyles
  11 elephants
  2 torpor snails
  A smoke demon (Abyss:3)
  4 orange demons
  7 gargoyles
  5 black mambas
  2 kobold demonologists
  2 rime drakes
  10 spiny frogs
  4 spectral redbacks (Spider:4)
  An efreet (D:14)
  15 komodo dragons
  49 yaktaurs
  A rime drake (shapeshifter) (Vaults:1)
  A redback zombie (Spider:4)
  5 freezing wraiths
  10 demonic crawlers
  2 hellwings
  An ice devil (Depths:5)
  A yaktaur (shapeshifter) (Vaults:2)
  A spriggan druid (Lair:8)
  8 trolls
  A merfolk (shapeshifter) (Depths:3)
  40 jumping spiders
  A troll (shapeshifter) (Vaults:3)
  A wolf spider simulacrum (D:14)
  25 two-headed ogres
  4 polar bears (shapeshifter)
  A two-headed ogre (shapeshifter) (Depths:3)
  3 wind drakes (Depths:3)
  2 jumping spiders (shapeshifter)
  14 polar bears
  4 spectral tarantellas (Spider:4)
  8 giant leeches
  A blink frog (shapeshifter) (Vaults:1)
  24 slime creatures
  A harpy skeleton (D:15)
  4 boulder beetles
  A jumping spider zombie (Spider:4)
  10 bog bodies
  A hornet zombie (Spider:4)
  5 spectral hornets (Spider:4)
  10 blink frogs
  15 spriggans
  82 redbacks
  3 spriggans (shapeshifter)
  3 shadows
  14 air elementals
  A wyvern (Lair:2)
  3 vampires
  A fire bat (shapeshifter) (Depths:4)
  3 small abominations
  26 tarantellas
  6 water elementals (Depths:3)
  8 wraiths
  Eustachio (D:5)
  2 basilisks
  79 yaks
  2 hogs (Lair:8)
  A chaos spawn (Depths:5)
  2 fire elementals (Depths:3)
  A human (shapeshifter) (D:14)
  8 hippogriffs
  2 steam dragons
  8 vampire mosquitoes (Swamp:2)
  A hungry ghost (D:12)
  A neqoxec (Zot:5)
  2 wargs (Orc:2)
  8 insubstantial wisps
  A mottled dragon (shapeshifter) (Vaults:5)
  A soldier ant (D:12)
  A mottled dragon (D:14)
  15 swamp worms
  A human zombie (WizLab)
  17 water moccasins
  2 giant eyeballs (shapeshifter)
  9 hell hounds (Depths:1)
  9 porcupines
  9 ice beasts
  A swamp drake (Lair:4)
  4 sky beasts
  7 black bears
  20 orc warriors
  11 wasps
  46 ogres
  5 phantoms
  56 wolves
  6 boggarts
  An eye of draining (shapeshifter) (Vaults:1)
  26 crocodiles
  23 centaurs
  13 giant frogs
  3 big kobolds
  A giant frog (shapeshifter) (Vaults:5)
  A human skeleton (Vaults:4)
  6 earth elementals (Depths:3)
  A wyvern zombie (D:13)
  A water moccasin zombie (D:10)
  A wyvern skeleton (D:13)
  3 scorpions
  6 killer bees (D:10)
  An elf simulacrum (Vaults:4)
  4 wights (D:7)
  A howler monkey (D:7)
  16 jellies
  3 electric eels
  A wasp zombie (D:7)
  9 crimson imps
  A quasit (D:10)
  6 centaur skeletons
  8 hounds
  4 giant frog skeletons
  14 orc priests
  33 orc wizards
  6 iguanas
  5 hell rats (Lair:3)
  14 worker ants
  33 sheep
  A giant frog simulacrum (D:13)
  A wasp simulacrum (D:9)
  2 hound skeletons
  2 hound zombies
  3 gnolls (D:8)
  A gnoll (shapeshifter) (Vaults:5)
  12 adders
  22 river rats
  5 shadow imps
  An ufetubus (D:9)
  19 oozes
  An adder zombie (D:8)
  2 adder skeletons
  2 worms (D:3)
  6 giant geckos
  107 orcs
  4 bats
  4 giant cockroaches
  12 goblins
  2 hobgoblins
  6 jackals
  4 quokkas
  3 ball pythons
  7 giant newts
  4 gnoll skeletons (Ossuary)
  4 goblin zombies (Ossuary)
  2 hobgoblin skeletons (Ossuary)
  2 hobgoblin zombies (Ossuary)
  A jackal zombie (D:8)
  14 kobolds
  3 kobold skeletons (Ossuary)
  2 kobold zombies (Ossuary)
  2 orc skeletons (Ossuary)
  A quokka zombie (D:4)
  10 rats
  3 rat skeletons (Ossuary)
  3 rat zombies
  2 fire vortices (Vaults:4)
  8 fungi
  11 plants
2205 creatures vanquished.

Vanquished Creatures (collateral kills)
  Tiamat (Zot:2)
  Xtahua (Vaults:4)
  Gastronok (Orc:1)
  Kirke (Lair:8)
  A frost giant (Depths:5)
  Louise (D:15)
  2 vault wardens
  A draconian zealot (Zot:1)
  A draconian annihilator (Depths:5)
  2 very ugly things
  Nessos (D:15)
  A green draconian (Zot:1)
  A mottled draconian (Zot:2)
  A white draconian (Zot:2)
  2 yellow draconians (Depths:5)
  A red draconian (Zot:1)
  2 purple draconians
  2 vault guards (Vaults:4)
  A crystal guardian (Depths:3)
  A green death (Swamp:4)
  A yaktaur captain (Vaults:4)
  Erolcha (Orc:2)
  7 hydras
  An ice dragon (Depths:4)
  A centaur warrior (Vaults:1)
  A deep troll shaman (Depths:4)
  A hell knight (Depths:4)
  A deep troll earth mage (Depths:5)
  2 deep elf knights
  Nergalle (Orc:2)
  2 deep trolls
  2 wizards
  A storm dragon skeleton (Vaults:4)
  3 death scarabs (Spider:4)
  2 swamp dragons (Swamp:4)
  An unseen horror (Vaults:1)
  A hill giant (D:13)
  A lindwurm (Lair:4)
  A necromancer (Vaults:4)
  An ironbrand convoker (Vaults:1)
  A spectral wolf spider (Spider:4)
  6 orb spiders
  9 orc sorcerers
  An orc knight (Vaults:1)
  3 ugly things
  2 deep elf magi (Vaults:1)
  A cyclops (D:15)
  A faun (shapeshifter) (D:15)
  A spiny frog (Swamp:2)
  A stone giant skeleton (Vaults:4)
  2 gargoyles
  A vault sentinel (Vaults:4)
  A centaur skeleton (D:10)
  A kobold demonologist (Vaults:1)
  A yaktaur (shapeshifter) (D:15)
  3 yaktaurs
  A demonic crawler (Spider:3)
  7 jumping spiders
  A small abomination (Vaults:5)
  A troll (shapeshifter) (Vaults:1)
  A slime creature (D:15)
  A shadow (D:15)
  An air elemental (Depths:3)
  2 tarantellas
  A wraith (Vaults:1)
  A vampire mosquito (D:13)
  2 hungry ghosts
  A hippogriff (shapeshifter) (D:15)
  A warg (Orc:1)
  A mottled dragon (Vaults:1)
  A water moccasin (Lair:1)
  2 hell hounds (Depths:1)
  A porcupine (Lair:4)
  3 orc warriors
  A swamp drake (Swamp:3)
  A boggart (D:15)
  3 ogres
  An elf skeleton (Vaults:4)
  A big kobold (D:11)
  A giant frog (D:15)
  A human simulacrum (Vaults:1)
  A wight (D:7)
  2 electric eels (Lair:1)
  A hound (D:13)
  2 orc priests (Orc:1)
  8 orc wizards
  A worker ant (D:13)
  8 orcs
  A giant cockroach zombie (D:4)
  3 kobolds (D:11)
  A fire vortex (Volcano)
158 creatures vanquished.

Vanquished Creatures (others)
  An Orb Guardian (Zot:5)
  A storm dragon (Zot:2)
  A vault warden (Vaults:5)
  An ironheart preserver (Vaults:5)
  A draconian zealot (Zot:1)
  A merfolk impaler (Vaults:1)
  A death yak (IceCv)
  A spectral emperor scorpion (Spider:4)
  An orb spider (Spider:1)
  A moth of wrath (Zot:5)
  4 polar bears (IceCv)
  2 big kobolds
  2 wind drakes (Depths:3)
  A spectral jumping spider (Spider:4)
  An air elemental (Depths:5)
  2 humans (Lair:8)
  4 yaks (IceCv)
  A warg (Vaults:5)
  A naga (Zot:3)
  Menkaure (Ossuary)
  A swamp drake (Swamp:4)
  4 wolves (IceCv)
  3 mummies (Ossuary)
  10 ball lightnings (Depths:3)
  An orc (Orc:1)
  A gnoll zombie (Ossuary)
  2 gnoll skeletons (Ossuary)
  2 goblin skeletons (Ossuary)
  2 goblin zombies (Ossuary)
  2 hobgoblin skeletons (Ossuary)
  6 hobgoblin zombies (Ossuary)
  3 kobold skeletons (Ossuary)
  2 orc skeletons (Ossuary)
  4 orc zombies (Ossuary)
  2 rat zombies (Ossuary)
  2 briar patches (Swamp:4)
  10 fungi
  6 plants
92 creatures vanquished.

Grand Total: 2455 creatures vanquished

Notes
Turn   | Place    | Note
--------------------------------------------------------------
     0 | D:1      | Svalin the Hill Orc Berserker began the quest for the Orb.
     0 | D:1      | Reached XP level 1. HP: 19/19 MP: 1/1
   174 | D:1      | Reached XP level 2. HP: 25/26 MP: 2/2
   311 | D:1      | Reached skill level 5 in Axes
   666 | D:2      | Reached XP level 3. HP: 26/31 MP: 3/3
   698 | D:2      | Reached ** piety under Trog
   739 | D:2      | Found a glowing silver altar of Zin.
  1275 | D:3      | Reached XP level 4. HP: 33/39 MP: 4/4
  1506 | D:3      | Reached XP level 5. HP: 45/46 MP: 5/5
  1520 | D:3      | Found a faded altar to an unknown god.
  2359 | D:4      | Found a sand-covered staircase.
  2377 | Ossuary  | Entered an ossuary
  2403 | Ossuary  | Reached XP level 6. HP: 40/52 MP: 6/6
  2750 | Ossuary  | Killed Menkaure
  2845 | D:4      | Identified a scroll of acquirement
  3005 | D:4      | Reached *** piety under Trog
  3198 | D:4      | Noticed a phantom
  3218 | D:4      | Killed a phantom
  3218 | D:4      | Reached skill level 5 in Fighting
  3218 | D:4      | Reached XP level 7. HP: 37/61 MP: 7/7
  3242 | D:4      | HP: 3/61 [orc priest/divine providence (15)]
  3533 | D:4      | Found a basalt altar of Yredelemnul.
  3674 | D:4      | Found a shattered altar of Ashenzari.
  4007 | D:5      | Entered Level 5 of the Dungeon
  4119 | D:5      | Reached skill level 5 in Armour
  4264 | D:5      | Noticed Svalin's ghost (novice HOBe)
  4281 | D:5      | Noticed Eustachio
  4289 | D:5      | Killed Svalin's ghost
  4289 | D:5      | Reached XP level 8. HP: 43/73 MP: 8/8
  4292 | D:5      | Killed Eustachio
  4338 | D:5      | Reached skill level 10 in Axes
  4512 | D:5      | Found a glowing golden altar of the Shining One.
  4587 | D:5      | Reached XP level 9. HP: 64/81 MP: 9/9
  4653 | D:5      | Found a stormy altar of Qazlal.
  4936 | D:6      | Found a radiant altar of Vehumet.
  4947 | D:6      | Found a staircase to the Ecumenical Temple.
  4955 | D:6      | Reached **** piety under Trog
  5995 | D:6      | You fall through a shaft!
  6007 | D:7      | Found a sacrificial altar of Ru.
  6668 | D:7      | Found a shimmering altar of Xom.
  6865 | D:7      | Noticed an ice statue
  6987 | D:7      | Got a crude plate armour
  6998 | D:7      | Identified the +12 plate armour "Cijytwao" {rPois} (You acquired it on level 7 of the Dungeon)
  7480 | D:8      | Reached XP level 10. HP: 91/91 MP: 10/10
  7746 | D:8      | Reached skill level 1 in Evocations
  7819 | D:8      | Found a shadowy altar of Dithmenos.
  8316 | D:9      | Reached skill level 10 in Fighting
  9164 | D:10     | Entered Level 10 of the Dungeon
  9179 | D:10     | Found Fiaral's Jewellery Shop.
  9434 | D:10     | Found Tehaf's Distillery.
  9454 | D:10     | Bought a potion of heal wounds for 65 gold pieces
  9568 | D:10     | Reached XP level 11. HP: 101/101 MP: 13/13
  9764 | D:10     | Reached skill level 10 in Armour
  9809 | D:10     | Found Peavvasu's Food Shoppe.
 10171 | D:11     | Noticed Josephine
 10219 | D:11     | Killed Josephine
 10219 | D:11     | Reached skill level 5 in Evocations
 10306 | D:11     | Noticed a centaur warrior
 10319 | D:11     | Killed a centaur warrior
 10445 | D:11     | Noticed a hill giant
 10452 | D:11     | Killed a hill giant
 10613 | D:11     | Found a staircase to the Lair.
 10615 | D:11     | Noticed a red ugly thing
 10623 | D:11     | Killed a red ugly thing
 10806 | D:11     | Found a staircase to the Orcish Mines.
 11186 | D:11     | Reached XP level 12. HP: 111/111 MP: 16/16
 11273 | Lair:1   | Entered Level 1 of the Lair of Beasts
 11286 | Lair:1   | Reached ***** piety under Trog
 11290 | Lair:1   | Reached skill level 15 in Axes
 12396 | Lair:2   | Noticed Sonja
 12414 | Lair:2   | Received a gift from Trog
 12417 | Lair:2   | Killed Sonja
 13011 | Lair:3   | Found a frozen archway.
 13036 | IceCv    | Entered an ice cave
 13053 | IceCv    | Reached XP level 13. HP: 103/119 MP: 18/18
 13587 | IceCv    | Received a gift from Trog
 13628 | IceCv    | Reached ****** piety under Trog
 13684 | IceCv    | Noticed a frost giant
 13694 | IceCv    | Killed a frost giant
 13735 | IceCv    | Got a glittering lead ring
 14547 | Lair:4   | Found a dark tunnel.
 14637 | Volcano  | Entered a volcano
 14891 | Lair:4   | Found a staircase to the Swamp.
 15778 | Lair:5   | Reached XP level 14. HP: 106/130 MP: 20/20
 15954 | Lair:5   | Found a hole to the Spider Nest.
 16095 | Lair:5   | Received a gift from Trog
 16100 | Lair:5   | Got a crude battleaxe {god gift}
 16131 | Lair:5   | Identified the +10 battleaxe "Lonob" {vamp, +Fly rElec rPois rF+} (Trog gifted it to you on level 5 of the Lair of Beasts)
 16566 | Lair:6   | Found a staircase to the Slime Pits.
 17615 | Lair:7   | Identified the ring "Oqoluor" {*Drain rC+ rN++ Int+5} (You found it in an ice cave)
 18276 | D:10     | Bought the ring of Ivexaiv {Fragile rN+ MR+ Str+7} for 724 gold pieces
 18596 | Lair:8   | Entered Level 8 of the Lair of Beasts
 18750 | Lair:8   | Reached skill level 10 in Evocations
 18912 | Lair:8   | Received a gift from Trog
 19199 | Lair:8   | Reached XP level 15. HP: 139/139 MP: 22/22
 19207 | Lair:8   | Noticed Kirke
 19214 | Lair:8   | Killed Kirke
 20189 | Orc:1    | Entered Level 1 of the Orcish Mines
 20206 | Orc:1    | Reached skill level 15 in Fighting
 20423 | Orc:1    | Received a gift from Trog
 20430 | Orc:1    | Found a flagged portal.
 20438 | Bailey   | Entered a bailey
 20925 | Orc:1    | Noticed Gastronok
 20932 | Orc:1    | Killed Gastronok
 21088 | Orc:2    | Entered Level 2 of the Orcish Mines
 21263 | Orc:2    | Found a staircase to the Elven Halls.
 21519 | Orc:2    | Found Reun's Antique Armour Shoppe.
 21551 | Orc:2    | Found an ancient bone altar of Kikubaaqudgha.
 21552 | Orc:2    | Noticed Nergalle
 21574 | Orc:2    | Killed Nergalle
 21577 | Orc:2    | Found Soklopp's Magic Scroll Emporium.
 21582 | Orc:2    | Noticed Erolcha
 21593 | Orc:2    | Killed Erolcha
 21600 | Orc:2    | Received a gift from Trog
 21606 | Orc:2    | Found a radiant altar of Vehumet.
 21682 | Orc:2    | Found a roughly hewn altar of Beogh.
 21682 | Orc:2    | Found Afonip's Gadget Emporium.
 21686 | Orc:2    | Found Saujoc's Distillery.
 21731 | Orc:2    | Bought a stone of tremors for 560 gold pieces
 21731 | Orc:2    | Bought a plain deck of wonders for 196 gold pieces
 21731 | Orc:2    | Bought a plain deck of wonders for 196 gold pieces
 21731 | Orc:2    | Bought a lamp of fire for 560 gold pieces
 21757 | Orc:2    | Bought a scroll of identify for 36 gold pieces
 21757 | Orc:2    | Bought a scroll of enchant armour for 135 gold pieces
 21757 | Orc:2    | Gained mutation: You are somewhat resistant to further mutation. [potion of beneficial mutation]
 22209 | Orc:2    | Drew Focus: Str increased to 23, Int decreased to 6
 22211 | Orc:2    | Drew Focus: Str increased to 24, Int decreased to 5
 22216 | Orc:2    | Drew Focus: Str increased to 25, Int decreased to 4
 22218 | Orc:2    | Drew Focus: Str increased to 26, Int decreased to 3
 22422 | Spider:1 | Entered Level 1 of the Spider Nest
 23176 | Spider:1 | Received a gift from Trog
 23675 | Spider:2 | Got a dazzling plate armour
 23686 | Spider:2 | Identified the +5 plate armour "Pomisi" {rC- MR++} (You acquired it on level 2 of the Spider Nest)
 23734 | Spider:2 | Reached XP level 16. HP: 137/151 MP: 24/24
 23983 | Spider:2 | Drew Focus: Str increased to 27, Int decreased to 2
 23984 | Spider:2 | Hired Qokamuir the naga for 172 gold.
 24812 | Spider:3 | Reached skill level 15 in Armour
 25028 | Spider:3 | Noticed Aizul
 25037 | Spider:3 | Killed Aizul
 25522 | Spider:4 | Entered Level 4 of the Spider Nest
 26550 | Spider:4 | Reached XP level 17. HP: 141/162 MP: 26/26
 26967 | Spider:4 | Got a gossamer rune of Zot
 27353 | Swamp:1  | Entered Level 1 of the Swamp
 27823 | Swamp:1  | Received a gift from Trog
 28176 | Swamp:2  | Got a crude ring mail
 28187 | Swamp:2  | Identified the cursed +0 ring mail of Submission {*Drain +Inv MP+9 Dex+9} (You found it on level 2 of the Swamp)
 29555 | Swamp:3  | Noticed Mara
 29570 | Swamp:3  | Noticed Svalin's illusion
 29583 | Swamp:3  | Killed Mara
 29798 | Swamp:4  | Entered Level 4 of the Swamp
 29980 | Swamp:4  | Got a flickering steel amulet
 29981 | Swamp:4  | Identified the amulet of Beovurch {Harm *Drain rElec rF+ Str+4 Int-2} (You found it on level 4 of the Swamp)
 30224 | Swamp:4  | Reached XP level 18. HP: 80/176 MP: 27/27
 30730 | Swamp:4  | Received a gift from Trog
 30914 | Swamp:4  | Got a decaying rune of Zot
 31434 | D:12     | Lost mutation: You are somewhat resistant to further mutation. [helix card]
 31435 | D:12     | Drew Focus: Str increased to 28, Int decreased to 1
 31436 | D:12     | Gained mutation: You evolve. [helix card]
 31437 | D:12     | Hired Deynt the big kobold for 98 gold.
 32769 | D:13     | Got a crystal war axe
 33152 | D:13     | Noticed Maurice
 33161 | D:13     | Killed Maurice
 33598 | D:14     | Found Emumaa's Weapon Shoppe.
 33616 | D:14     | Found a gate to the Vaults.
 33657 | D:14     | Received a gift from Trog
 33687 | D:14     | Identified the +8 war axe of Wammotsoirph {speed, rF+} (You found it on level 13 of the Dungeon)
 33961 | D:14     | Your ally Deynt died
 34115 | D:14     | Hired Toamec the big kobold for 96 gold.
 34503 | D:15     | Entered Level 15 of the Dungeon
 34533 | D:15     | Noticed Nessos
 34542 | D:15     | Killed Nessos
 34550 | D:15     | Your ally Toamec died
 34713 | D:15     | Hired Saqaf the merfolk for 279 gold.
 34768 | D:15     | Found a staircase to the Depths.
 35109 | D:15     | Received a gift from Trog
 35218 | D:15     | Noticed Louise
 35235 | D:15     | Killed Louise
 35299 | D:15     | Identified the Papyrus of Mutagenic Poisoning
 35658 | Depths:1 | Entered Level 1 of the Depths
 35658 | Depths:1 | Noticed Roxanne
 35669 | Depths:1 | Killed Roxanne
 35671 | Depths:1 | Identified Roxanne's Catalogue of Earth (You took it off Roxanne on level 1 of the Depths)
 35759 | Vaults:1 | Entered Level 1 of the Vaults
 35941 | Vaults:1 | Reached XP level 19. HP: 184/185 MP: 29/29
 35980 | Vaults:1 | Found a magical portal.
 35989 | WizLab   | Entered Doroklohe's Tomb
 36621 | Vaults:1 | Your ally Saqaf died
 36838 | Vaults:1 | Gained mutation: Your skin changes colour to match your surroundings (Stealth). [evolution]
 36838 | Vaults:1 | Lost mutation: You evolve. [end of evolution]
 36914 | Vaults:1 | Received a gift from Trog
 38108 | Vaults:2 | Received a gift from Trog
 38109 | Vaults:2 | Got a translucent battleaxe {god gift}
 38110 | Vaults:2 | Identified the +4 battleaxe of Ruination {chop, +Inv rPois MP-9 SInv} (Trog gifted it to you on level 2 of the Vaults)
 38681 | Vaults:3 | Reached XP level 20. HP: 195/195 MP: 30/30
 39080 | Vaults:3 | Got a transparent glass ring
 39241 | Vaults:3 | Received a gift from Trog
 39665 | Vaults:3 | Found a staircase to the Crypt.
 40134 | Vaults:4 | Reached skill level 15 in Evocations
 40186 | Vaults:4 | Noticed Xtahua
 40202 | Vaults:4 | Killed Xtahua
 40437 | Vaults:4 | Received a gift from Trog
 40561 | Vaults:4 | Received a gift from Trog
 40763 | Vaults:4 | Noticed Margery
 40783 | Vaults:4 | Killed Margery
 41137 | Vaults:4 | Reached XP level 21. HP: 194/205 MP: 32/32
 41523 | Vaults:5 | Entered Level 5 of the Vaults
 41592 | Vaults:5 | Reached skill level 27 in Axes
 41629 | Vaults:5 | Noticed an ancient lich
 41686 | Vaults:5 | Received a gift from Trog
 41797 | Vaults:5 | Killed an ancient lich
 41804 | Vaults:5 | Reached XP level 22. HP: 176/217 MP: 34/34
 41961 | Vaults:5 | Got a silver rune of Zot
 42039 | Vaults:5 | Received a gift from Trog
 42202 | Vaults:5 | Got a scorched broad axe {freeze}
 42288 | Vaults:5 | Identified the +5 broad axe "Reniyhar" {freeze, *Drain Dex+4} (You took it off an ironheart preserver on level 5 of the Vaults)
 42290 | Vaults:5 | Identified the ring "Qiutoa" {rPois rC+ Str-4 Dex+5} (You took it off a wizard on level 3 of the Vaults)
 43645 | Depths:1 | Noticed Norris
 43667 | Depths:1 | Paralysed by Norris for 5 turns
 43677 | Depths:1 | Killed Norris
 44064 | Depths:1 | Found a gateway to Hell.
 45093 | Depths:2 | Received a gift from Trog
 45316 | Depths:2 | Reached XP level 23. HP: 227/227 MP: 35/35
 46213 | Depths:3 | Noticed Boris
 46223 | Depths:3 | Killed Boris
 46624 | Depths:3 | Noticed a caustic shrike
 46624 | Depths:3 | an iron dragon changed into a caustic shrike
 46626 | Depths:3 | Killed a caustic shrike
 46984 | Depths:3 | Received a gift from Trog
 47143 | Depths:3 | Found a one-way gate leading to the halls of Pandemonium.
 47261 | Depths:3 | Got a smoking turquoise ring
 47263 | Depths:3 | Identified the cursed ring of Quuluehi {rC+ MP+9 EV-3} (You found it on level 3 of the Depths)
 47438 | Depths:3 | Got a scintillating platinum amulet
 47440 | Depths:3 | Identified the amulet "Omot" {rF+ rC+ Regen+} (You found it on level 3 of the Depths)
 47993 | Depths:4 | Found a gateway to a ziggurat.
 48245 | Depths:4 | Received a gift from Trog
 48623 | Depths:4 | Found a one-way gate to the infinite horrors of the Abyss.
 48834 | Depths:4 | Reached XP level 24. HP: 239/239 MP: 36/36
 48916 | Depths:5 | Entered Level 5 of the Depths
 49040 | Depths:5 | Found a gate to the Realm of Zot.
 49759 | Depths:5 | Received a gift from Trog
 50097 | Zot:1    | Entered Level 1 of the Realm of Zot
 50170 | Zot:1    | Reached skill level 5 in Dodging
 50784 | Zot:1    | Got a scintillating golden ring
 50785 | Zot:1    | Identified the ring "Fachoeryjo" {rC+++ rN+ MP+9 Int-2 SInv} (You found it on level 1 of the Realm of Zot)
 51076 | Zot:2    | Noticed a curse toe
 51093 | Zot:2    | Killed a curse toe
 51093 | Zot:2    | Reached XP level 25. HP: 118/249 MP: 36/36
 51215 | Zot:2    | Noticed Tiamat
 51235 | Zot:2    | Killed Tiamat
 51323 | Zot:2    | Received a gift from Trog
 52325 | Zot:2    | Noticed an orb of fire
 52689 | Zot:2    | Killed an orb of fire
 52999 | Zot:3    | Noticed an orb of fire
 53000 | Zot:3    | Gained mutation: You expend magic power (3 MP) to strengthen your wands. [an orb of fire]
 53006 | Zot:3    | Noticed an orb of fire
 53006 | Zot:3    | Noticed an orb of fire
 53012 | Zot:3    | Gained mutation: Scrolls take you a little longer to read. [an orb of fire]
 53016 | Zot:3    | Gained mutation: Your body sometimes deteriorates upon taking damage. [an orb of fire]
 53020 | Zot:3    | Gained mutation: Your movements are slightly less encumbered by armour (ER -2). [an orb of fire]
 53021 | Zot:3    | Killed an orb of fire
 53024 | Zot:3    | Gained mutation: You are clumsy. (Dex -2) [an orb of fire]
 53024 | Zot:3    | Gained mutation: You are frail (-10% HP). [an orb of fire]
 53027 | Zot:3    | Gained mutation: You are weak. (Str -2) [an orb of fire]
 53028 | Zot:3    | Killed an orb of fire
 53028 | Zot:3    | Reached XP level 26. HP: 133/234 MP: 37/37
 53034 | Zot:3    | Gained mutation: You are very clumsy. (Dex -4) [an orb of fire]
 53038 | Zot:3    | Killed an orb of fire
 53146 | Zot:3    | Lost mutation: You are weak. (Str -2) [potion of cure mutation]
 53146 | Zot:3    | Lost mutation: Your body sometimes deteriorates upon taking damage. [potion of cure mutation]
 53146 | Zot:3    | Lost mutation: You are frail (-10% HP). [potion of cure mutation]
 53146 | Zot:3    | Lost mutation: Scrolls take you a little longer to read. [potion of cure mutation]
 53146 | Zot:3    | Lost mutation: Your movements are slightly less encumbered by armour (ER -2). [potion of cure mutation]
 53147 | Zot:3    | Lost mutation: You expend magic power (3 MP) to strengthen your wands. [potion of cure mutation]
 53147 | Zot:3    | Lost mutation: You are very clumsy. (Dex -4) [potion of cure mutation]
 53240 | Zot:3    | Cast into level 3 of the Abyss (red draconian)
 53291 | Zot:3    | Escaped the Abyss
 53486 | Zot:3    | Hired Ymmetesk the naga for 160 gold.
 53557 | Zot:3    | Your ally Ymmetesk died
 54485 | Zot:5    | Entered Level 5 of the Realm of Zot
 55092 | Zot:5    | Reached skill level 10 in Dodging
 55454 | Zot:5    | Cast into level 3 of the Abyss (green draconian)
 55458 | Zot:5    | Escaped the Abyss
 55466 | Zot:5    | Received a gift from Trog
 55504 | Zot:5    | Noticed an ancient lich
 55515 | Zot:5    | Killed an ancient lich
 55572 | Zot:5    | Noticed an ancient lich
 55583 | Zot:5    | Killed an ancient lich
 55594 | Zot:5    | Noticed an ancient lich
 55607 | Zot:5    | Killed an ancient lich
 55607 | Zot:5    | Reached XP level 27. HP: 230/271 MP: 37/37
 55611 | Zot:5    | Noticed an orb of fire
 55620 | Zot:5    | Killed an orb of fire
 55622 | Zot:5    | Noticed an orb of fire
 55625 | Zot:5    | Noticed an ancient lich
 55628 | Zot:5    | Gained mutation: You tend to lose your temper in combat. [an orb of fire]
 55630 | Zot:5    | Noticed an orb of fire
 55632 | Zot:5    | Noticed an orb of fire
 55634 | Zot:5    | Killed an ancient lich
 55639 | Zot:5    | Gained mutation: Scrolls take you a little longer to read. [an orb of fire]
 55640 | Zot:5    | Gained mutation: You often lose your temper in combat. [an orb of fire]
 55642 | Zot:5    | Killed an orb of fire
 55646 | Zot:5    | Gained mutation: You are weak. (Str -2) [an orb of fire]
 55650 | Zot:5    | Killed an orb of fire
 55653 | Zot:5    | Killed an orb of fire
 55683 | Zot:5    | Noticed an ancient lich
 55691 | Zot:5    | Killed an ancient lich
 55772 | Zot:5    | Noticed an ancient lich
 55777 | Zot:5    | Killed an ancient lich
 55831 | Zot:5    | Noticed an orb of fire
 55834 | Zot:5    | Gained mutation: You expend magic power (3 MP) to strengthen your wands. [an orb of fire]
 55836 | Zot:5    | Gained mutation: Scrolls take you longer to read. [an orb of fire]
 55848 | Zot:5    | Killed an orb of fire
 55869 | Zot:5    | Reached skill level 27 in Fighting
 55872 | Zot:5    | Lost mutation: You expend magic power (3 MP) to strengthen your wands. [potion of cure mutation]
 55872 | Zot:5    | Lost mutation: You are weak. (Str -2) [potion of cure mutation]
 55872 | Zot:5    | Lost mutation: Scrolls take you longer to read. [potion of cure mutation]
 55883 | Zot:5    | Lost mutation: You often lose your temper in combat. [potion of cure mutation]
 55883 | Zot:5    | Lost mutation: You are clumsy. (Dex -2) [potion of cure mutation]
 55883 | Zot:5    | Lost mutation: You tend to lose your temper in combat. [potion of cure mutation]
 55883 | Zot:5    | Lost mutation: Scrolls take you a little longer to read. [potion of cure mutation]
 55883 | Zot:5    | Lost mutation: Your skin changes colour to match your surroundings (Stealth). [potion of cure mutation]
 55969 | Zot:5    | Noticed an orb of fire
 55975 | Zot:5    | Gained mutation: Potions and wands are less effective at restoring your health. [an orb of fire]
 55976 | Zot:5    | Gained mutation: You are clumsy. (Dex -2) [an orb of fire]
 55978 | Zot:5    | Lost mutation: Potions and wands are less effective at restoring your health. [an orb of fire]
 55980 | Zot:5    | Killed an orb of fire
 55992 | Zot:5    | Got the Orb of Zot
 56114 | Zot:5    | Noticed Feuzioq the pandemonium lord
 56117 | Zot:5    | Received a gift from Trog
 56154 | Zot:5    | HP: 20/409 [profane servitor/enchanted whip (12)]
 56165 | Zot:5    | Killed from afar by a white draconian annihilator

Skill      XL: |  1  2  3  4  5  6  7  8  9 10 11 12 13 14 15 16 17 18 19 20 21 22 23 24 25 26 27 |
---------------+----------------------------------------------------------------------------------+-----
Axes           | 5 6 7 8 9 10 11 13 14 16 18 19 20 22 23 24 25 26 27 | 27.0
Fighting       | 4 5 7 9 10 11 12 13 14 16 17 19 20 21 22 23 24 25 26 27 | 27.0
Armour         | 3 5 6 8 9 10 11 12 13 14 15 16 17 18 19 20 21 22 23 24 | 24.5
Evocations     | 3 6 7 9 10 11 12 13 14 15 16 17 18 19 20 21 | 21.7
Dodging        | 3 6 8 10 12 | 12.0

Action                   |  1- 3 |  4- 6 |  7- 9 | 10-12 | 13-15 | 16-18 | 19-21 | 22-24 | 25-27 || total
-------------------------+-------+-------+-------+-------+-------+-------+-------+-------+-------++-------
Melee: Hand axe          |   100 |   216 |       |       |       |       |       |       |       ||   316
       War axe           |       |    26 |   292 |   636 |       |       |       |       |       ||   954
       Executioner's axe |       |       |       |    70 |       |       |       |       |       ||    70
       Broad axe         |       |       |       |    97 |   300 |       |       |       |       ||   397
       Battleaxe         |       |       |       |       |   734 |  1295 |  1012 |  1344 |   978 ||  5363
Invok: Berserk           |     1 |     3 |     9 |    15 |     5 |     4 |     2 |     1 |     3 ||    43
       Trog's Hand       |       |       |     2 |     3 |     6 |     8 |     5 |     6 |    10 ||    40
       Burn Spellbooks   |       |       |     2 |     1 |     4 |     6 |     1 |     8 |       ||    22
       Brothers in Arms  |       |       |     1 |     7 |    16 |    19 |    16 |    14 |     6 ||    79
 Abil: Evoke Flight      |       |       |       |       |       |       |       |     4 |       ||     4
       Stop Flying       |       |       |       |       |       |       |       |     2 |       ||     2
Evoke: Wand              |       |       |       |       |     6 |     8 |       |     1 |     3 ||    18
       Deck              |       |       |       |       |     8 |    17 |       |       |     2 ||    27
       Lamp of fire      |       |       |       |       |     1 |     5 |       |     2 |       ||     8
       Phial of floods   |       |       |       |       |     1 |     2 |       |       |       ||     3
       Sack of spiders   |       |       |       |       |       |     2 |       |     1 |       ||     3
       Stone of tremors  |       |       |       |       |       |     1 |       |       |       ||     1
  Use: Scroll            |     5 |    14 |     7 |     7 |    18 |    24 |     8 |    11 |    11 ||   105
       Potion            |       |       |     1 |     3 |     2 |     9 |     2 |     1 |     7 ||    25
 Stab: Petrifying        |       |       |       |       |     2 |       |       |       |       ||     2
       Distracted        |       |       |       |       |     1 |     2 |     5 |     8 |     1 ||    17
       Invisible         |       |       |       |       |       |     1 |       |       |       ||     1
       Confused          |       |       |       |       |       |       |       |     2 |       ||     2
       Held in net/web   |       |       |       |       |       |       |       |     1 |       ||     1
  Eat: Chunk             |     2 |     4 |    17 |    30 |    35 |    25 |    21 |    14 |     8 ||   156
       Beef jerky        |       |     1 |     1 |     1 |       |       |       |       |       ||     3
       Bread ration      |       |     1 |       |     1 |     1 |     4 |       |     4 |     4 ||    15
       Meat ration       |       |       |     1 |     1 |     1 |       |     2 |       |       ||     5
       Royal jelly       |       |       |       |     4 |       |     1 |       |     1 |       ||     6
       Fruit             |       |       |       |       |     2 |     7 |       |     1 |       ||    10
Armor: Animal skin       |     4 |       |       |       |       |       |       |       |       ||     4
       Leather armour    |    32 |     5 |    32 |       |       |       |       |       |       ||    69
       Scale mail        |       |    89 |    82 |       |       |       |       |       |       ||   171
       Plate armour      |       |       |    12 |   670 |   789 |  1394 |   368 |       |       ||  3233
       Gold dragon armou |       |       |       |       |       |       |   388 |   881 |   557 ||  1826
Dodge: Dodged            |    77 |    89 |   104 |   290 |   343 |   655 |   317 |   622 |   633 ||  3130
Block: Shield            |       |    25 |    34 |       |       |       |       |       |       ||    59
